[Event "Summer Prague Open-A 2022"]
[Site "Prague"]
[Date "2022.08.12"]
[Round "9.20"]
[White "Kovalskyi, Roman"]
[Black "Santagati, Alessandro"]
[Result "0-1"]
[ECO "B02"]
[WhiteElo "2056"]
[BlackElo "2299"]
[Annotator "TA"]
[PlyCount "70"]
[EventDate "2022.08.05"]
[EventType "swiss"]
[EventCountry "CZE"]
[SourceTitle "playchess.com"]
[Source "ChessBase"]
[SourceQuality "1"]
[TimeControl "40/5400+30:1800+30"]

1. e4 Nf6 2. e5 Nd5 3. Nc3 Nxc3 4. dxc3 d6 5. Nf3 Nc6 6. Bb5 Bd7 7. exd6 {[%emt 0:00:12] B02: Alekhine's Defence: Chase Variation and lines with early Nc3.} cxd6 8. Be3 {[%emt 0:00:08] [#]} e5 $146 ({Predecessor:} 8... g6 9. Qd2 Bg7 10. O-O O-O 11. Rfe1 Re8 12. a4 Qc7 13. h4 a6 14. Bf1 Ne5 15. Nxe5 Bxe5 {1-0 (66) Ivanov,L (1822)-Genchev,D (1661) Varna 2019}) 9. Qd2 {[%emt 0:01:28] The position is equal.} Be7 10. h4 h6 11. O-O-O Be6 12. Qe2 Qa5 13. Nd2 (13. Bc4 $15) 13... Bxa2 $2 {[%emt 0:09:52] [#]} (13... Qxa2 $17 {Hoping for ...Qa1+.} 14. Bc4 Bxc4 15. Qxc4 Qa1+ 16. Nb1 O-O) 14. f4 (14. Nc4 $1 $14 Bxc4 15. Bxc4) 14... O-O {[%emt 0:09:29] White must now prevent ...Be6.} 15. Nb3 $1 Bxb3 16. cxb3 a6 17. Bd3 Qa2 {[%emt 0:04:34] And now ...Na5 would win.} 18. b4 {[%emt 0:08:48] Prevents Na5.} Rac8 (18... Nxb4 $5 19. cxb4 (19. Bb1 Qb3 $17) 19... Bf6 $11) 19. Bb1 {[%emt 0:02:22] A strong pair of Bishops.} Qa4 20. f5 $2 {[%emt 0:15:46] This costs White the game.} (20. Qc2 $11 {and White stays safe.} Qxc2+ 21. Bxc2) 20... Nxb4 $19 {[%emt 0:09:15] aiming for ...d5.} 21. g4 $2 (21. Rh3 {keeps fighting.}) 21... Qb3 {[%emt 0:04:42][%cal Oc8c3] ...Rxc3+! is the strong threat.} 22. g5 $2 {[%emt 0:06:52] [#]} (22. Bd2 f6 23. g5 fxg5 24. hxg5 Bxg5 25. Rh3 Bxd2+ 26. Qxd2 Na2+ 27. Bxa2 Qxa2 28. Qxd6 Rxf5 29. Qd5+ Qxd5 30. Rxd5) 22... Rxc3+ $1 23. bxc3 (23. Kd2 Nd5) 23... Qxc3+ 24. Bc2 Rc8 {[%emt 0:00:47] ( -> ...d5)} 25. Rh2 Qa3+ 26. Kb1 Qa2+ 27. Kc1 Qa1+ (27... d5 $142 28. Bc5 Rxc5) 28. Kd2 Rxc2+ 29. Ke1 Rxe2+ 30. Rxe2 Qc3+ 31. Kf1 Nc2 32. f6 Bxf6 33. Bd2 Qf3+ {[%emt 0:00:21] Black mates.} 34. Kg1 Qxe2 35. gxf6 Qxd1+ {[%emt 0:00:12] Weighted Error Value: White=1.34/Black=0.44} 0-1

[Event "Summer Prague Open-A 2022"]
[Site "Prague"]
[Date "2022.08.12"]
[Round "9.21"]
[White "Soural, Jan"]
[Black "Slampa, Jan"]
[Result "1/2-1/2"]
[ECO "E18"]
[WhiteElo "2119"]
[BlackElo "2254"]
[Annotator "TA"]
[PlyCount "40"]
[EventDate "2022.08.05"]
[EventType "swiss"]
[EventCountry "CZE"]
[SourceTitle "playchess.com"]
[Source "ChessBase"]
[SourceQuality "1"]
[TimeControl "40/5400+30:1800+30"]

1. Nf3 Nf6 2. c4 e6 3. g3 b6 4. Bg2 Bb7 5. O-O Be7 6. d4 O-O 7. Nc3 d6 8. Qc2 Nbd7 9. Rd1 c5 {[%emt 0:01:41] White is slightly better.} 10. b3 {[%emt 0:01:41] E18: Queen's Indian: Old Main Line (4 g3 Bb7 5 Bg2 Be7 6 0-0 0-0 7 Nc3).} cxd4 11. Nxd4 Bxg2 12. Kxg2 {[%emt 0:00:06] [#]} {Predecessor:} Qc7 $146 13. Bb2 a6 14. Rac1 Rac8 15. e4 Qb7 16. Qe2 Nc5 17. f3 Rfd8 18. Rc2 g6 19. Rcd2 h5 20. h4 Ncd7 {1-0 (31) Cherniaiev,T (2186)-Boci,P (1709) Thessaloniki 2022} 1/2-1/2

[Event "Summer Prague Open-A 2022"]
[Site "Prague"]
[Date "2022.08.12"]
[Round "9.22"]
[White "Horak, Martin"]
[Black "Ouaki, Mark"]
[Result "1-0"]
[ECO "A45"]
[WhiteElo "2238"]
[BlackElo "2015"]
[Annotator "TA"]
[PlyCount "79"]
[EventDate "2022.08.05"]
[EventType "swiss"]
[EventCountry "CZE"]
[SourceTitle "playchess.com"]
[Source "ChessBase"]
[SourceQuality "1"]
[TimeControl "40/5400+30:1800+30"]

1. d4 Nf6 2. Bg5 d5 3. Bxf6 exf6 4. e3 Bd6 5. g3 c6 6. Bg2 {[%emt 0:00:09] D00: 1 d4 d5: Unusual lines.} Qb6 7. b3 a5 8. a3 {[%emt 0:01:36] The position is equal.} a4 9. b4 {[%emt 0:01:02] [#]} O-O $146 ({Predecessor:} 9... Be6 10. Nd2 Na6 11. Ne2 f5 12. c4 dxc4 13. Qc1 Nc7 14. Nxc4 Bxc4 15. Qxc4 Qb5 {1-0 (47) Alvarez Fernandez,E (2355)-Pfreundt,J (1990) Pontevedra 2014}) 10. Nd2 Re8 11. Ne2 (11. Qe2 $11 {is more appropriate.}) 11... Bg4 (11... Qa6 $1 $15 {keeps the upper hand.}) 12. c4 $16 {[%emt 0:03:25] [#] Black must now prevent c5.} dxc4 13. Nxc4 Qd8 14. O-O Bf8 15. Re1 Nd7 16. Qc2 Nb6 17. Na5 Qd7 18. Nf4 Nd5 {[%emt 0:02:53] [#]} (18... Bf5 $14 19. e4 Be6) 19. Nd3 $1 Be6 20. e4 ({White should play} 20. Nc5 $16 Bxc5 21. dxc5) 20... Nb6 (20... Nc7 $14) 21. Nc5 Bxc5 {[%emt 0:00:12] A mistake that costs the game.} (21... Qxd4 $16 22. Nxe6 (22. Naxb7 Bc4 $16) (22. Ncxb7 Rec8 $16) 22... Rxe6) 22. dxc5 Nc8 23. Rad1 {[%emt 0:00:57] White is more active.} Qc7 24. Qxa4 Ne7 25. Qc2 Red8 26. Rxd8+ Rxd8 27. Rd1 b6 (27... Re8 $142 28. f4 g6) 28. cxb6 $18 Rxd1+ 29. Qxd1 Qxb6 30. Qd6 {[%emt 0:00:05] Against c5} Ng6 (30... Nc8 31. Qxc6 g5 32. Qxb6 Nxb6) 31. Nxc6 {[%emt 0:00:31] White is clearly winning.} Kh8 32. a4 {[%emt 0:00:42][%cal Ba3a4,Ba4a5,Ba5a6,Ba6a7][%mdl 32] a5 is the strong threat.} h5 33. Qd8+ Qxd8 34. Nxd8 Ne5 35. Nxe6 fxe6 {[%emt 0:00:04] KB-KN} 36. b5 Kg8 37. a5 {[%emt 0:00:22] Hoping for a6.} Nc4 38. a6 e5 39. a7 Nb6 40. Bh3 {[%emt 0:00:11] Weighted Error Value: White=0.12 (very precise) /Black=0.33} 1-0

[Event "Summer Prague Open-A 2022"]
[Site "Prague"]
[Date "2022.08.12"]
[Round "9.23"]
[White "Stoica, Savas Marin"]
[Black "Polster, Christian"]
[Result "1/2-1/2"]
[ECO "A61"]
[WhiteElo "2092"]
[BlackElo "2236"]
[Annotator "TA"]
[PlyCount "39"]
[EventDate "2022.08.05"]
[EventType "swiss"]
[EventCountry "CZE"]
[SourceTitle "playchess.com"]
[Source "ChessBase"]
[SourceQuality "1"]
[TimeControl "40/5400+30:1800+30"]

1. d4 {[%emt 0:00:06] Kapengut} Nf6 2. c4 e6 3. Nf3 c5 4. d5 exd5 5. cxd5 d6 6. Nc3 g6 7. e4 Bg7 8. h3 O-O 9. Bd3 b5 10. Bxb5 Nxe4 11. Nxe4 Qa5+ 12. Nfd2 Qxb5 13. Nxd6 Qa6 14. N2c4 Nd7 15. O-O Nb6 16. Nxb6 Qxb6 17. Nxc8 Raxc8 18. Bg5 {[%emt 0:16:30] Against Rfd8. aiming for d6. A70: Modern Benoni: 6 e4 g6 7 Nf3.} (18. d6 $5 ) 18... Qxb2 {[%emt 0:09:35] [#]} 19. Rc1 $146 ({Predecessor:} 19. Qf3 Qe5 20. Bf4 Qf5 21. g4 Qf6 22. Qg3 g5 23. Bc7 Qc3 24. Rac1 Qxg3+ 25. Bxg3 Bd4 {1-0 (40) Krasenkow,M (2641)-Lagowski,P (2321) Warsaw 2002 CBM 089 [Kapengut]}) 19... Bf6 {[%emt 0:08:04] Inhibits Be7.} 20. Rc2 {[%emt 0:01:28] Not much happened in this game.} 1/2-1/2

[Event "Summer Prague Open-A 2022"]
[Site "Prague"]
[Date "2022.08.12"]
[Round "9.24"]
[White "Jordanov, Mihail"]
[Black "Buchenau, Frank"]
[Result "0-1"]
[ECO "C02"]
[WhiteElo "2158"]
[BlackElo "2277"]
[Annotator "TA"]
[PlyCount "62"]
[EventDate "2022.08.05"]
[EventType "swiss"]
[EventCountry "CZE"]
[SourceTitle "playchess.com"]
[Source "ChessBase"]
[SourceQuality "1"]
[TimeControl "40/5400+30:1800+30"]

1. e4 e6 2. d4 d5 3. e5 c5 4. c3 Qb6 5. Nf3 Bd7 6. Bd3 cxd4 {[%emt 0:01:01] C02: French: Advance Variation.} 7. Nxd4 {[%emt 0:00:30] is cutting edge theory.} Bc5 8. Qg4 Ne7 {[%emt 0:04:27] White has an edge.} 9. O-O Ng6 {[%emt 0:04:01] [#]} 10. h4 $146 ({Predecessor:} 10. Nf3 Bb5 11. Bxb5+ Qxb5 12. Nbd2 Nd7 13. Nb3 Be7 14. Re1 h5 15. Qg3 Nc5 16. Nxc5 Bxc5 {0-1 (50) Matlakov,M (2688)-Gorovykh,E (2488) St Petersburg 2021}) 10... O-O 11. Nf3 Nc6 $36 {[%emt 0:19:03][%mdl 2048] Black fights for an advantage.} 12. Qh5 Be8 {[%emt 0:18:59] ...f5 is the strong threat.} 13. Ng5 $2 {[%emt 0:19:35] Now White is beyond hope.} (13. Bxg6 $15 fxg6 14. Qg4) 13... h6 $19 14. b4 Be7 ({Inferior is} 14... hxg5 15. bxc5 Qa5 16. Bxg6 fxg6 17. Qxg5 $15) (14... Nxb4 $142 15. cxb4 Bd4) 15. Nxe6 (15. Be3 $142 Qc7 16. Nxe6 (16. Bxg6 $2 fxg6 17. Nxe6 Qc8 $19) 16... fxe6 17. Bxg6) 15... fxe6 16. Bxg6 Rf5 {[%emt 0:05:20][%mdl 64] [#] Pin, Double Attack} 17. Bg5 $2 (17. Bxe8 {might work better.} Rxh5 18. Bxh5) 17... Bxg6 {[%emt 0:01:21] Black is clearly winning.} 18. Qxg6 {[%emt 0:00:04] Threatens to win with Bxh6.} Nxe5 19. Qxf5 exf5 20. Bxe7 Nd3 {[%emt 0:02:28] [#] White must now prevent ...Re8.} 21. Na3 Re8 22. Rad1 Rxe7 23. Rxd3 Qa6 24. c4 dxc4 25. b5 Qa4 26. Rc3 Qb4 27. Rf3 c3 28. Nb1 c2 29. Na3 Qb2 30. Nc4 Qb1 {[%emt 0:02:15][%cal Ob1f1] ( -> ...Qxf1+!)} 31. Rc3 Re1 {[%emt 0:00:23] Weighted Error Value: White=0.77/Black=0.07 (flawless)} 0-1